Rangers vs Nordiques
(R2)
Created - 9 octobre 2014 at 20:13
Goals
|
| Rangers |
2 |
2 |
1 |
5 |
| Nordiques |
2 |
0 |
5 |
7 |
|
Shots
|
| Rangers |
18 |
10 |
5 |
33 |
| Nordiques |
12 |
10 |
13 |
35 |
|
1st period
1. Nordiques , Nick Schultz 1 (Brooks Laich, Andrei Kostitsyn) at 5:14 (PP)
2. Rangers , Radek Bonk 2 (Drew Stafford, Mark Fistric) at 8:40
3. Nordiques , Andrei Kostitsyn 4 (Peter Prucha, Brooks Laich) at 14:45
4. Rangers , Mark Fistric 1 (Johan Franzen, Kimmo Timonen) at 19:12
Penalties :
Milan Lucic (NYR) for Roughing (Minor) at 4:52, Johan Franzen (NYR) for Holding Stick (Minor) at 16:57
2nd period
5. Rangers , Drew Stafford 2 (Radek Bonk) at 16:18
6. Rangers , Brent Seabrook 1 (Patrick Sharp) at 17:10 (PP)
Penalties :
Andrei Kostitsyn (Que) for Hooking (Minor) at 8:33, Alexandre Burrows (NYR) for Tripping (Minor) at 12:34, Andrei Kostitsyn (Que) for Hooking (Minor) at 16:34, Patrik Elias (Que) for Hooking (Minor) at 19:10
3rd period
7. Rangers , Dustin Brown 4 (Patrice Bergeron, Cam Barker) at 0:31 (PP)
8. Nordiques , Ryan Bayda 2 (Matt Ellison, Tyler Arnason) at 10:30
9. Nordiques , Peter Prucha 3 (Andrei Kostitsyn, Ed Jovanovski) at 14:23
10. Nordiques , Peter Prucha 4 (Patrik Elias, Andrei Kostitsyn) at 15:06 (PP)
11. Nordiques , Peter Prucha 5 (Brooks Laich) at 16:48 (SH)
12. Nordiques , Chris Pronger 1 (Jordan Eberle, Andrei Kostitsyn) at 19:28 (PP)
Penalties :
Brad Richards (NYR) for Interference (Minor) at 0:49, Kimmo Timonen (NYR) for Holding (Minor) at 3:44, Chris Pronger (Que) for Hooking (Minor) at 7:41, Patrik Elias (Que) for Diving (Minor) at 11:27, Patrice Bergeron (NYR) for Roughing (Minor) at 14:30, Mattias Weinhandl (Que) for Slashing (Minor) at 15:07, Cam Barker (NYR) for Holding (Minor) at 19:15
Goalie Stats
Henrik Lundqvist (NYR), 28 saves from 35 shots - (0,800), L, 4-3-0, 60:00 minutes
Jean-Sébastien Giguère (Que), 28 saves from 33 shots - (0,848), W, 3-4-0, 60:00 minutes
Players Stats for Rangers
Player Name G A P +/- PIM S H SB GA TA FO MP PP MP PK MP
------------------------------------------------------------------------------------
Alexandre Burrows 0 0 0 3 2 2 2 0 0 0 0/0 12:17 0:00 1:15
Alexei Emelin 0 0 0 -2 0 0 0 0 0 0 0/0 5:53 2:00 1:23
Brad Richards 0 0 0 0 2 6 1 0 0 0 23/39 23:47 5:19 4:05
Brent Seabrook 1 0 1 0 0 3 1 0 0 0 0/0 16:11 1:07 3:00
Cam Barker 0 1 1 -2 2 0 2 2 0 0 0/0 31:31 6:38 5:47
Drew Stafford 1 1 2 2 0 2 1 1 0 0 0/0 10:58 0:00 0:00
Dustin Brown 1 0 1 -3 0 6 3 0 1 0 0/0 15:42 4:34 0:00
Johan Franzen 0 1 1 1 2 1 0 0 0 0 0/0 19:55 5:19 0:00
Kimmo Timonen 0 1 1 3 2 0 0 2 1 1 0/0 18:35 2:33 2:10
Mark Fistric 1 1 2 3 0 1 1 0 1 0 0/0 19:05 2:33 3:07
Matt Greene 0 0 0 -2 0 2 0 0 0 1 0/0 18:01 4:55 0:00
Matt Read 0 0 0 -1 0 0 0 0 0 0 0/0 4:24 0:00 0:00
Milan Lucic 0 0 0 -1 2 1 6 1 1 1 5/9 27:38 5:19 4:54
Patrice Bergeron 0 1 1 -3 2 4 1 0 0 0 4/8 19:08 4:34 2:44
Patrick Sharp 0 1 1 -3 0 3 2 0 0 0 0/3 19:20 4:34 2:58
Radek Bonk 1 1 2 3 0 2 3 0 0 0 5/9 12:42 0:00 2:18
Staffan Kronwall 0 0 0 -2 0 0 0 1 0 0 0/0 11:15 0:00 2:47
Valtteri Filppula 0 0 0 -1 0 0 0 1 0 0 0/1 4:24 0:00 0:00
Players Stats for Nordiques
Player Name G A P +/- PIM S H SB GA TA FO MP PP MP PK MP
------------------------------------------------------------------------------------
Andrei Kostitsyn 1 4 5 1 4 6 4 0 1 1 4/9 24:13 5:04 4:08
Brooks Laich 0 3 3 2 0 2 2 0 0 0 16/34 22:36 5:06 3:20
Chris Pronger 1 0 1 -1 2 7 1 1 0 2 0/0 28:53 5:34 5:25
Colin Fraser 0 0 0 1 0 0 0 0 0 0 1/5 6:49 0:14 0:14
Ed Jovanovski 0 1 1 1 0 0 0 2 0 0 0/0 10:11 0:00 0:06
Janne Niskala 0 0 0 1 0 0 0 2 0 0 0/0 11:22 0:00 1:17
Jonathan Matsumoto 0 0 0 -1 0 0 1 1 0 0 3/8 7:55 0:00 0:00
Jordan Eberle 0 1 1 -1 0 0 2 0 0 0 0/1 16:37 5:04 0:00
Jordan Leopold 0 0 0 1 0 0 2 1 1 1 0/0 19:55 3:33 3:00
Matt Ellison 0 1 1 1 0 1 1 0 0 0 3/3 8:54 0:16 2:11
Matt Smaby 0 0 0 1 0 0 2 1 0 0 0/0 20:06 3:33 3:11
Mattias Weinhandl 0 0 0 -1 2 3 0 0 0 0 0/0 8:36 0:00 0:00
Nick Schultz 1 0 1 -1 0 4 1 0 0 0 0/0 29:54 5:34 6:47
Patrik Elias 0 1 1 -1 4 0 2 0 0 0 0/0 16:35 3:47 1:15
Peter Prucha 3 1 4 2 0 4 2 0 0 0 0/0 19:59 3:47 2:16
Ryan Bayda 1 0 1 1 0 2 1 0 0 0 0/0 7:15 0:16 0:32
Sergei Samsonov 0 0 0 -1 0 0 0 0 1 0 0/0 14:54 0:00 5:50
Tyler Arnason 0 1 1 -1 0 6 0 0 0 0 5/9 15:17 3:47 0:00
3 Stars
1 - Peter Prucha (Que)
2 - Andrei Kostitsyn (Que)
3 - Radek Bonk (NYR)
Power Play
Rangers - 2 on 6 Attempt(s) - 33,33%
Nordiques - 3 on 7 Attempt(s) - 42,86%
Penalty Kill
Rangers - 4 on 7 Attempt(s) - 57,14%
- Score 0 goal in Penalty Kill
Nordiques - 4 on 6 Attempt(s) - 66,67%
- Score 1 goal in Penalty Kill
Official
Referees : Rooney Chris and Kozari Steve
Linesman : Derek Nansen and Mike Cvik
Game Notes
Brent Seabrook is injured at 17:27 of 2nd period (Torso)
Peter Prucha has scored a Hat Trick!
Finance
Level 1 -- Attendance: 5801 (96,68%) -- Ticket Income 493 085 $
Level 2 -- Attendance: 5000 (100,00%) -- Ticket Income 250 000 $
Level 3 -- Attendance: 1274 (63,70%) -- Ticket Income 50 960 $
Level 4 -- Attendance: 2613 (65,33%) -- Ticket Income 65 325 $
Luxury Box -- Attendance: 896 (89,60%) -- Ticket Income 129 920 $
Game was played at the Colisé Pepsi
Total Attendance: 15584 (86,58%)
Total Ticket Income: 989 290 $
Other Income: 148 394 $
Total Income: 1 137 684 $
Rangers
5 vs 5 Forward
Center Left Wing Right Wing Time % Phy DF OF
1 Brad Richards Milan Lucic Johan Franzen 40 1 2 2
2 Patrice Bergeron Patrick Sharp Dustin Brown 30 1 2 2
3 Radek Bonk Alexandre Burrows Drew Stafford 20 1 2 2
4 Valtteri Filppula Milan Lucic Matt Read 10 1 2 2
5 vs 5 Defense
Defense Defense Time % Phy DF OF
1 Cam Barker Brent Seabrook 40 1 2 2
2 Kimmo Timonen Mark Fistric 30 1 2 2
3 Matt Greene Staffan Kronwall 20 1 2 2
4 Alexei Emelin Cam Barker 10 1 2 2
PowerPlay Forward
Center Left Wing Right Wing Time % Phy DF OF
1 Brad Richards Milan Lucic Johan Franzen 60 1 2 2
2 Patrice Bergeron Patrick Sharp Dustin Brown 40 1 2 2
PowerPlay Defense
Defense Defense Time % Phy DF OF
1 Cam Barker Brent Seabrook 60 1 2 2
2 Kimmo Timonen Mark Fistric 40 1 2 2
Penalty Kill 4 Players Forward
Center Wing Time % Phy DF OF
1 Milan Lucic Brad Richards 60 1 2 2
2 Patrick Sharp Patrice Bergeron 40 1 2 2
Penalty Kill 4 Players Defense
Defense Defense Time % Phy DF OF
1 Cam Barker Brent Seabrook 60 1 2 2
2 Kimmo Timonen Mark Fistric 40 1 2 2
Penalty Kill - 3 Players Forward
Forward Time % Phy DF OF
1 Milan Lucic 60 1 2 2
2 Brad Richards 40 1 2 2
Penalty Kill - 3 Players Defense
Defense Defense Time % Phy DF OF
1 Cam Barker Brent Seabrook 60 1 2 2
2 Kimmo Timonen Mark Fistric 40 1 2 2
4 vs 4 Forward
Center Wing Time % Phy DF OF
1 Milan Lucic Brad Richards 60 1 2 2
2 Patrick Sharp Patrice Bergeron 40 1 2 2
4 vs 4 Defense
Defense Defense Time % Phy DF OF
1 Cam Barker Brent Seabrook 60 1 2 2
2 Kimmo Timonen Mark Fistric 40 1 2 2
Last Minutes Offensive
Center Left Wing Right Wing Defense Defense
Brad Richards Milan Lucic Johan Franzen Cam Barker Brent Seabrook
Last Minutes Defensive
Center Left Wing Right Wing Defense Defense
Brad Richards Milan Lucic Johan Franzen Cam Barker Brent Seabrook
Goaltenders
Starting : Henrik Lundqvist
Backup : Hannu Toivonen
Extra Forwards
Normal : Drew Stafford, Alexandre Burrows, Radek Bonk - PP : Drew Stafford, Alexandre Burrows - PK : Radek Bonk
Extra Defensemen
Normal : Matt Greene, Staffan Kronwall, Alexei Emelin - PP : Matt Greene - PK : Staffan Kronwall, Alexei Emelin
Penalty Shots
Milan Lucic, Brad Richards, Patrick Sharp, Patrice Bergeron, Johan Franzen
Nordiques
5 vs 5 Forward
Center Left Wing Right Wing Time % Phy DF OF
1 Brooks Laich Andrei Kostitsyn Peter Prucha 40 0 2 3
2 Tyler Arnason Patrik Elias Jordan Eberle 30 0 2 3
3 Jonathan Matsumoto Sergei Samsonov Mattias Weinhandl 20 1 2 2
4 Colin Fraser Ryan Bayda Matt Ellison 10 1 2 2
5 vs 5 Defense
Defense Defense Time % Phy DF OF
1 Chris Pronger Nick Schultz 40 1 2 2
2 Matt Smaby Jordan Leopold 30 1 2 2
3 Ed Jovanovski Janne Niskala 20 1 2 2
4 Chris Pronger Nick Schultz 10 1 2 2
PowerPlay Forward
Center Left Wing Right Wing Time % Phy DF OF
1 Brooks Laich Andrei Kostitsyn Jordan Eberle 60 0 1 4
2 Tyler Arnason Patrik Elias Peter Prucha 40 0 1 4
PowerPlay Defense
Defense Defense Time % Phy DF OF
1 Chris Pronger Nick Schultz 60 0 2 3
2 Matt Smaby Jordan Leopold 40 0 2 3
Penalty Kill 4 Players Forward
Center Wing Time % Phy DF OF
1 Andrei Kostitsyn Sergei Samsonov 60 1 3 1
2 Brooks Laich Peter Prucha 40 1 3 1
Penalty Kill 4 Players Defense
Defense Defense Time % Phy DF OF
1 Chris Pronger Nick Schultz 60 1 3 1
2 Matt Smaby Jordan Leopold 40 1 3 1
Penalty Kill - 3 Players Forward
Forward Time % Phy DF OF
1 Andrei Kostitsyn 60 1 3 1
2 Sergei Samsonov 40 1 3 1
Penalty Kill - 3 Players Defense
Defense Defense Time % Phy DF OF
1 Chris Pronger Nick Schultz 60 1 3 1
2 Matt Smaby Jordan Leopold 40 1 3 1
4 vs 4 Forward
Center Wing Time % Phy DF OF
1 Andrei Kostitsyn Patrik Elias 60 0 2 3
2 Brooks Laich Sergei Samsonov 40 0 2 3
4 vs 4 Defense
Defense Defense Time % Phy DF OF
1 Chris Pronger Nick Schultz 60 1 2 2
2 Matt Smaby Jordan Leopold 40 1 2 2
Last Minutes Offensive
Center Left Wing Right Wing Defense Defense
Brooks Laich Andrei Kostitsyn Peter Prucha Chris Pronger Nick Schultz
Last Minutes Defensive
Center Left Wing Right Wing Defense Defense
Brooks Laich Andrei Kostitsyn Peter Prucha Chris Pronger Nick Schultz
Goaltenders
Starting : Jean-Sébastien Giguère
Backup : Mike Smith
Extra Forwards
Normal : Patrik Elias, Jordan Eberle, Andrei Kostitsyn - PP : Patrik Elias, Andrei Kostitsyn - PK : Matt Ellison
Extra Defensemen
Normal : Ed Jovanovski, Janne Niskala, Matt Smaby - PP : Ed Jovanovski - PK : Janne Niskala, Matt Smaby
Penalty Shots
Andrei Kostitsyn, Sergei Samsonov, Jordan Eberle, Peter Prucha, Patrik Elias
% Time on Ice - Rangers
Lines # - Real PCT - Wanted PCT - Time Play
Normal Forward
1 - 35% - 40% - 14:16
2 - 29% - 30% - 11:48
3 - 25% - 20% - 10:08
4 - 11% - 10% - 4:24
Normal Defense
1 - 42% - 40% - 17:00
2 - 33% - 30% - 13:25
3 - 21% - 20% - 8:28
4 - 4% - 10% - 1:43
PP Forward
1 - 54% - 60% - 5:19
2 - 46% - 40% - 4:34
PP Defense
1 - 74% - 60% - 7:20
2 - 26% - 40% - 2:33
PK Forward
1 - 76% - 60% - 6:55
2 - 24% - 40% - 2:12
PK Defense
1 - 66% - 60% - 6:00
2 - 34% - 40% - 3:07
PK3 Forward
1 - 0% - 60%
2 - 0% - 40%
PK3 Defense
1 - 0% - 60%
2 - 0% - 40%
44 Forward
1 - 0% - 60%
2 - 0% - 40%
44 Defense
1 - 0% - 60%
2 - 0% - 40%
Last Minute Offensive - 0:24
Last Minute Defensive - 0:00
Total
Forward - 60:00
Defense - 60:00
|
% Time on Ice - Nordiques
Lines # - Real PCT - Wanted PCT - Time Play
Normal Forward
1 - 37% - 40% - 14:54
2 - 29% - 30% - 11:35
3 - 19% - 20% - 7:55
4 - 15% - 10% - 6:13
Normal Defense
1 - 41% - 40% - 16:39
2 - 32% - 30% - 12:59
3 - 23% - 20% - 9:15
4 - 4% - 10% - 1:44
PP Forward
1 - 59% - 60% - 5:20
2 - 41% - 40% - 3:47
PP Defense
1 - 61% - 60% - 5:34
2 - 39% - 40% - 3:33
PK Forward
1 - 77% - 60% - 7:37
2 - 23% - 40% - 2:16
PK Defense
1 - 70% - 60% - 6:53
2 - 30% - 40% - 3:00
PK3 Forward
1 - 0% - 60%
2 - 0% - 40%
PK3 Defense
1 - 0% - 60%
2 - 0% - 40%
44 Forward
1 - 0% - 60%
2 - 0% - 40%
44 Defense
1 - 0% - 60%
2 - 0% - 40%
Last Minute Offensive - 0:00
Last Minute Defensive - 0:23
Total
Forward - 60:00
Defense - 60:00
|
Play by Play
1st period
0:01 of 1st period - Brad Richards wins face-off versus Brooks Laich in neutral zone.
0:27 of 1st period - Nick Schultz is hit by Cam Barker and loses puck.
0:34 of 1st period - Snap shot by Patrick Sharp.
0:34 of 1st period - Stopped by Jean-Sébastien Giguère with a rebound.
0:50 of 1st period - Slapshot by Ryan Bayda.
0:50 of 1st period - Stopped by Henrik Lundqvist with a rebound.
1:08 of 1st period - Matt Greene is hit by Jonathan Matsumoto and loses puck.
1:13 of 1st period - Wrist shot by Mattias Weinhandl.
1:13 of 1st period - Shot Misses the Net.
1:15 of 1st period - Slapshot by Matt Smaby.
1:15 of 1st period - Shot Blocked by Staffan Kronwall.
1:17 of 1st period - Slapshot by Matt Smaby.
1:17 of 1st period - Shot Blocked by Milan Lucic.
1:19 of 1st period - Snap shot by Jordan Leopold.
1:19 of 1st period - Shot Misses the Net.
1:35 of 1st period - Snap shot by Patrick Sharp.
1:35 of 1st period - Shot Blocked by Ed Jovanovski.
1:54 of 1st period - Icing by Matt Greene.
1:55 of 1st period - Tyler Arnason wins face-off versus Brad Richards in Rangers zone.
2:38 of 1st period - Chris Pronger is hit by Brent Seabrook and loses puck.
2:43 of 1st period - Snap shot by Sergei Samsonov.
2:43 of 1st period - Shot Misses the Net.
2:45 of 1st period - Snap shot by Sergei Samsonov.
2:45 of 1st period - Shot Blocked by Drew Stafford.
3:23 of 1st period - Patrick Sharp is hit by Patrik Elias and loses puck.
3:30 of 1st period - Wrist shot by Patrik Elias.
3:30 of 1st period - Deflect By Tyler Arnason.
3:30 of 1st period - Shot Misses the Net.
3:30 of 1st period - Puck is out of play.
3:31 of 1st period - Brooks Laich wins face-off versus Brad Richards in Rangers zone.
3:32 of 1st period - Wrist shot by Andrei Kostitsyn.
3:32 of 1st period - Shot Misses the Net.
4:52 of 1st period - Minor Penalty to Milan Lucic for Roughing.
4:53 of 1st period - Radek Bonk wins face-off versus Brooks Laich in Rangers zone.
4:58 of 1st period - Off-side.
4:59 of 1st period - Radek Bonk wins face-off versus Brooks Laich in neutral zone.
5:10 of 1st period - Wrist shot by Andrei Kostitsyn.
5:10 of 1st period - Shot Blocked by Cam Barker.
5:12 of 1st period - Snap shot by Brooks Laich.
5:12 of 1st period - Shot Misses the Net.
5:14 of 1st period - Wrist shot by Nick Schultz.
5:14 of 1st period - Goal by Nick Schultz - Rangers : 0 - Nordiques : 1.
5:15 of 1st period - Brooks Laich wins face-off versus Brad Richards in neutral zone.
5:22 of 1st period - Wrist shot by Brad Richards.
5:22 of 1st period - Shot Misses the Net.
5:24 of 1st period - Wrist shot by Brent Seabrook.
5:24 of 1st period - Stopped by Jean-Sébastien Giguère with a rebound.
5:28 of 1st period - Snap shot by Brad Richards.
5:28 of 1st period - Stopped by Jean-Sébastien Giguère with a rebound.
5:42 of 1st period - Patrik Elias is hit by Dustin Brown and loses puck.
5:53 of 1st period - Snap shot by Dustin Brown.
5:53 of 1st period - Deflect By Patrice Bergeron.
5:53 of 1st period - Stopped by Jean-Sébastien Giguère without a rebound.
5:54 of 1st period - Brooks Laich wins face-off versus Brad Richards in Nordiques zone.
6:03 of 1st period - Wrist shot by Peter Prucha.
6:03 of 1st period - Shot Misses the Net.
6:25 of 1st period - Snap shot by Patrick Sharp.
6:25 of 1st period - Shot Misses the Net.
6:29 of 1st period - Wrist shot by Patrick Sharp.
6:29 of 1st period - Stopped by Jean-Sébastien Giguère without a rebound.
6:30 of 1st period - Brad Richards wins face-off versus Jonathan Matsumoto in Nordiques zone.
7:00 of 1st period - Backhand shot by Drew Stafford.
7:00 of 1st period - Shot Misses the Net.
7:02 of 1st period - Slapshot by Brent Seabrook.
7:02 of 1st period - Stopped by Jean-Sébastien Giguère without a rebound.
7:03 of 1st period - Brooks Laich wins face-off versus Radek Bonk in Nordiques zone.
7:30 of 1st period - Johan Franzen is hit by Matt Smaby and loses puck.
7:55 of 1st period - Wrist shot by Patrice Bergeron.
7:55 of 1st period - Stopped by Jean-Sébastien Giguère with a rebound.
8:12 of 1st period - Snap shot by Mattias Weinhandl.
8:12 of 1st period - Shot Misses the Net.
8:14 of 1st period - Snap shot by Jordan Leopold.
8:14 of 1st period - Shot Blocked by Valtteri Filppula.
8:20 of 1st period - Wrist shot by Mattias Weinhandl.
8:20 of 1st period - Deflect By Mark Fistric.
8:20 of 1st period - Stopped by Henrik Lundqvist with a rebound.
8:40 of 1st period - Slapshot by Radek Bonk.
8:40 of 1st period - Goal by Radek Bonk - Rangers : 1 - Nordiques : 1.
8:41 of 1st period - Brooks Laich wins face-off versus Brad Richards in neutral zone.
9:51 of 1st period - Chris Pronger is hit by Milan Lucic and loses puck.
10:16 of 1st period - Nick Schultz is hit by Alexandre Burrows and loses puck.
10:40 of 1st period - Slapshot by Patrick Sharp.
10:40 of 1st period - Deflect By Dustin Brown.
10:40 of 1st period - Stopped by Jean-Sébastien Giguère with a rebound.
10:42 of 1st period - Wrist shot by Dustin Brown.
10:42 of 1st period - Stopped by Jean-Sébastien Giguère without a rebound.
10:43 of 1st period - Tyler Arnason wins face-off versus Milan Lucic in Nordiques zone.
11:10 of 1st period - Kimmo Timonen is hit by Jordan Leopold and loses puck.
11:27 of 1st period - Snap shot by Milan Lucic.
11:27 of 1st period - Shot Blocked by Matt Smaby.
11:55 of 1st period - Snap shot by Alexandre Burrows.
11:55 of 1st period - Stopped by Jean-Sébastien Giguère without a rebound.
11:56 of 1st period - Patrice Bergeron wins face-off versus Colin Fraser in Nordiques zone.
11:57 of 1st period - Slapshot by Dustin Brown.
11:57 of 1st period - Stopped by Jean-Sébastien Giguère with a rebound.
11:59 of 1st period - Snap shot by Patrice Bergeron.
11:59 of 1st period - Stopped by Jean-Sébastien Giguère with a rebound.
12:01 of 1st period - Wrist shot by Dustin Brown.
12:01 of 1st period - Shot Hit the Post.
12:03 of 1st period - Snap shot by Patrick Sharp.
12:03 of 1st period - Shot Blocked by Janne Niskala.
12:35 of 1st period - Snap shot by Peter Prucha.
12:35 of 1st period - Shot Misses the Net.
12:37 of 1st period - Slapshot by Chris Pronger.
12:37 of 1st period - Stopped by Henrik Lundqvist with a rebound.
12:55 of 1st period - Wrist shot by Tyler Arnason.
12:55 of 1st period - Stopped by Henrik Lundqvist with a rebound.
12:57 of 1st period - Snap shot by Chris Pronger.
12:57 of 1st period - Stopped by Henrik Lundqvist with a rebound.
13:07 of 1st period - Snap shot by Alexandre Burrows.
13:07 of 1st period - Shot Blocked by Janne Niskala.
13:09 of 1st period - Snap shot by Milan Lucic.
13:09 of 1st period - Stopped by Jean-Sébastien Giguère without a rebound.
13:10 of 1st period - Jonathan Matsumoto wins face-off versus Valtteri Filppula in Nordiques zone.
13:10 of 1st period - Jonathan Matsumoto is hit by Milan Lucic.
13:20 of 1st period - Snap shot by Milan Lucic.
13:20 of 1st period - Shot Blocked by Jonathan Matsumoto.
13:40 of 1st period - Snap shot by Andrei Kostitsyn.
13:40 of 1st period - Shot Misses the Net.
13:42 of 1st period - Wrist shot by Brooks Laich.
13:42 of 1st period - Stopped by Henrik Lundqvist with a rebound.
13:44 of 1st period - Slapshot by Janne Niskala.
13:44 of 1st period - Shot Blocked by Kimmo Timonen.
14:09 of 1st period - Jordan Eberle is hit by Mark Fistric and loses puck.
14:20 of 1st period - Cam Barker is hit by Jordan Leopold and loses puck.
14:39 of 1st period - Slapshot by Brooks Laich.
14:39 of 1st period - Shot Misses the Net.
14:41 of 1st period - Snap shot by Brooks Laich.
14:41 of 1st period - Shot Misses the Net.
14:43 of 1st period - Snap shot by Peter Prucha.
14:43 of 1st period - Shot Misses the Net.
14:45 of 1st period - Slapshot by Andrei Kostitsyn.
14:45 of 1st period - Goal by Andrei Kostitsyn - Rangers : 1 - Nordiques : 2.
14:46 of 1st period - Brad Richards wins face-off versus Brooks Laich in neutral zone.
14:53 of 1st period - Nick Schultz is hit by Milan Lucic and loses puck.
14:57 of 1st period - Chris Pronger is hit by Milan Lucic and loses puck.
15:02 of 1st period - Slapshot by Peter Prucha.
15:02 of 1st period - Shot Misses the Net.
15:12 of 1st period - Slapshot by Tyler Arnason.
15:12 of 1st period - Stopped by Henrik Lundqvist without a rebound.
15:13 of 1st period - Tyler Arnason wins face-off versus Patrice Bergeron in Rangers zone.
15:22 of 1st period - Wrist shot by Dustin Brown.
15:22 of 1st period - Stopped by Jean-Sébastien Giguère with a rebound.
15:24 of 1st period - Slapshot by Patrick Sharp.
15:24 of 1st period - Stopped by Jean-Sébastien Giguère without a rebound.
15:25 of 1st period - Brad Richards wins face-off versus Brooks Laich in Nordiques zone.
16:00 of 1st period - Off-side.
16:01 of 1st period - Brad Richards wins face-off versus Brooks Laich in neutral zone.
16:16 of 1st period - Snap shot by Milan Lucic.
16:16 of 1st period - Shot Misses the Net.
16:26 of 1st period - Janne Niskala is hit by Dustin Brown and loses puck.
16:35 of 1st period - Wrist shot by Mattias Weinhandl.
16:35 of 1st period - Stopped by Henrik Lundqvist without a rebound.
16:36 of 1st period - Brad Richards wins face-off versus Brooks Laich in Rangers zone.
16:45 of 1st period - Snap shot by Andrei Kostitsyn.
16:45 of 1st period - Deflect By Brad Richards.
16:45 of 1st period - Stopped by Henrik Lundqvist with a rebound.
16:47 of 1st period - Snap shot by Peter Prucha.
16:47 of 1st period - Stopped by Henrik Lundqvist with a rebound.
16:57 of 1st period - Minor Penalty to Johan Franzen for Holding Stick.
16:58 of 1st period - Milan Lucic wins face-off versus Brooks Laich in Rangers zone.
17:28 of 1st period - Off-side.
17:29 of 1st period - Tyler Arnason wins face-off versus Patrick Sharp in neutral zone.
18:23 of 1st period - Andrei Kostitsyn is hit by Milan Lucic and loses puck.
18:56 of 1st period - Jordan Leopold is hit by Radek Bonk and loses puck.
18:57 of 1st period - Penalty to Johan Franzen is over, Johan Franzen is back on ice.
19:04 of 1st period - Snap shot by Johan Franzen.
19:04 of 1st period - Stopped by Jean-Sébastien Giguère with a rebound.
19:06 of 1st period - Slapshot by Kimmo Timonen.
19:06 of 1st period - Shot Blocked by Ed Jovanovski.
19:08 of 1st period - Wrist shot by Mark Fistric.
19:08 of 1st period - Shot Misses the Net.
19:10 of 1st period - Wrist shot by Johan Franzen.
19:10 of 1st period - Shot Misses the Net.
19:12 of 1st period - Slapshot by Mark Fistric.
19:12 of 1st period - Deflect By Janne Niskala.
19:12 of 1st period - Goal by Mark Fistric - Rangers : 2 - Nordiques : 2.
19:13 of 1st period - Brad Richards wins face-off versus Andrei Kostitsyn in neutral zone.
Goals for this period are 2 for Rangers vs 2 for Nordiques.
Shots for this period are 18 for Rangers vs 12 for Nordiques.
2nd period
0:01 of 2nd period - Brooks Laich wins face-off versus Brad Richards in neutral zone.
0:31 of 2nd period - Backhand shot by Dustin Brown.
0:31 of 2nd period - Stopped by Jean-Sébastien Giguère with a rebound.
0:33 of 2nd period - Slapshot by Matt Greene.
0:33 of 2nd period - Stopped by Jean-Sébastien Giguère without a rebound.
0:34 of 2nd period - Brad Richards wins face-off versus Tyler Arnason in Nordiques zone.
0:59 of 2nd period - Matt Greene is hit by Peter Prucha.
1:41 of 2nd period - Snap shot by Ryan Bayda.
1:41 of 2nd period - Shot Misses the Net.
1:45 of 2nd period - Snap shot by Ryan Bayda.
1:45 of 2nd period - Deflect By Matt Ellison.
1:45 of 2nd period - Deflect By Milan Lucic.
1:45 of 2nd period - Shot Misses the Net.
1:45 of 2nd period - Puck is out of play.
1:46 of 2nd period - Brad Richards wins face-off versus Colin Fraser in Rangers zone.
2:13 of 2nd period - Jordan Leopold is hit by Patrice Bergeron.
2:23 of 2nd period - Patrick Sharp is hit by Andrei Kostitsyn and loses puck.
2:40 of 2nd period - Patrik Elias is hit by Radek Bonk and loses puck.
2:47 of 2nd period - Backhand shot by Alexandre Burrows.
2:47 of 2nd period - Stopped by Jean-Sébastien Giguère without a rebound.
2:48 of 2nd period - Brad Richards wins face-off versus Jonathan Matsumoto in Nordiques zone.
3:13 of 2nd period - Cam Barker is hit by Peter Prucha and loses puck.
3:22 of 2nd period - Snap shot by Alexandre Burrows.
3:22 of 2nd period - Shot Blocked by Chris Pronger.
3:35 of 2nd period - Off-side.
3:36 of 2nd period - Patrice Bergeron wins face-off versus Tyler Arnason in neutral zone.
3:47 of 2nd period - Wrist shot by Patrice Bergeron.
3:47 of 2nd period - Shot Misses the Net.
3:55 of 2nd period - Backhand shot by Patrice Bergeron.
3:55 of 2nd period - Stopped by Jean-Sébastien Giguère without a rebound.
3:56 of 2nd period - Brooks Laich wins face-off versus Brad Richards in Nordiques zone.
4:21 of 2nd period - Kimmo Timonen is hit by Jordan Eberle and loses puck.
4:28 of 2nd period - Slapshot by Tyler Arnason.
4:28 of 2nd period - Stopped by Henrik Lundqvist without a rebound.
4:29 of 2nd period - Brad Richards wins face-off versus Jonathan Matsumoto in Rangers zone.
4:29 of 2nd period - Brad Richards is hit by Nick Schultz.
4:58 of 2nd period - Drew Stafford is hit by Andrei Kostitsyn and loses puck.
5:17 of 2nd period - Patrik Elias is hit by Patrick Sharp and loses puck.
6:57 of 2nd period - Slapshot by Chris Pronger.
6:57 of 2nd period - Stopped by Henrik Lundqvist with a rebound.
8:04 of 2nd period - Backhand shot by Milan Lucic.
8:04 of 2nd period - Shot Blocked by Jordan Leopold.
8:23 of 2nd period - Snap shot by Mattias Weinhandl.
8:23 of 2nd period - Stopped by Henrik Lundqvist without a rebound.
8:24 of 2nd period - Radek Bonk wins face-off versus Brooks Laich in Rangers zone.
8:24 of 2nd period - Radek Bonk is hit by Andrei Kostitsyn.
8:33 of 2nd period - Minor Penalty to Andrei Kostitsyn for Hooking.
8:34 of 2nd period - Matt Ellison wins face-off versus Brad Richards in Nordiques zone.
8:59 of 2nd period - Kimmo Timonen is hit by Chris Pronger and loses puck.
9:16 of 2nd period - Snap shot by Patrick Sharp.
9:16 of 2nd period - Shot Misses the Net.
10:09 of 2nd period - Icing by Brent Seabrook.
10:10 of 2nd period - Matt Ellison wins face-off versus Patrice Bergeron in Rangers zone.
10:11 of 2nd period - Snap shot by Ryan Bayda.
10:11 of 2nd period - Shot Misses the Net.
10:33 of 2nd period - Penalty to Andrei Kostitsyn is over, Andrei Kostitsyn is back on ice.
11:05 of 2nd period - Snap shot by Tyler Arnason.
11:05 of 2nd period - Stopped by Henrik Lundqvist with a rebound.
11:07 of 2nd period - Slapshot by Nick Schultz.
11:07 of 2nd period - Shot Misses the Net.
11:09 of 2nd period - Snap shot by Nick Schultz.
11:09 of 2nd period - Stopped by Henrik Lundqvist without a rebound.
11:10 of 2nd period - Colin Fraser wins face-off versus Radek Bonk in Rangers zone.
11:44 of 2nd period - Brad Richards is hit by Andrei Kostitsyn and loses puck.
12:01 of 2nd period - Patrik Elias is hit by Dustin Brown and loses puck.
12:24 of 2nd period - Janne Niskala is hit by Drew Stafford and loses puck.
12:34 of 2nd period - Minor Penalty to Alexandre Burrows for Tripping.
12:35 of 2nd period - Milan Lucic wins face-off versus Jordan Eberle in Rangers zone.
12:35 of 2nd period - Milan Lucic is hit by Brooks Laich.
13:53 of 2nd period - Jordan Eberle is hit by Patrick Sharp and loses puck.
14:09 of 2nd period - Peter Prucha is hit by Radek Bonk and loses puck.
14:34 of 2nd period - Penalty to Alexandre Burrows is over, Alexandre Burrows is back on ice.
14:35 of 2nd period - Patrice Bergeron is hit by Ryan Bayda and loses puck.
15:13 of 2nd period - Icing by Staffan Kronwall.
15:14 of 2nd period - Brad Richards wins face-off versus Jonathan Matsumoto in Rangers zone.
15:49 of 2nd period - Snap shot by Matt Ellison.
15:49 of 2nd period - Stopped by Henrik Lundqvist without a rebound.
15:50 of 2nd period - Brooks Laich wins face-off versus Brad Richards in Rangers zone.
16:06 of 2nd period - Snap shot by Brad Richards.
16:06 of 2nd period - Stopped by Jean-Sébastien Giguère with a rebound.
16:18 of 2nd period - Snap shot by Drew Stafford.
16:18 of 2nd period - Goal by Drew Stafford - Rangers : 3 - Nordiques : 2.
16:19 of 2nd period - Brad Richards wins face-off versus Brooks Laich in neutral zone.
16:32 of 2nd period - Wrist shot by Brad Richards.
16:32 of 2nd period - Stopped by Jean-Sébastien Giguère with a rebound.
16:34 of 2nd period - Minor Penalty to Andrei Kostitsyn for Hooking.
16:35 of 2nd period - Matt Ellison wins face-off versus Brad Richards in Nordiques zone.
17:10 of 2nd period - Snap shot by Brent Seabrook.
17:10 of 2nd period - Goal by Brent Seabrook - Rangers : 4 - Nordiques : 2.
17:11 of 2nd period - Brad Richards wins face-off versus Brooks Laich in neutral zone.
17:26 of 2nd period - Brent Seabrook is hit by Brooks Laich and loses puck.
17:27 of 2nd period - Brent Seabrook from Rangers is injured at 17:27 of 2nd period (Torso).
17:28 of 2nd period - Brooks Laich wins face-off versus Brad Richards in Rangers zone.
17:31 of 2nd period - Snap shot by Andrei Kostitsyn.
17:31 of 2nd period - Deflect By Peter Prucha.
17:31 of 2nd period - Shot Misses the Net.
17:31 of 2nd period - Puck is out of play.
17:32 of 2nd period - Milan Lucic wins face-off versus Brooks Laich in Rangers zone.
17:41 of 2nd period - Snap shot by Andrei Kostitsyn.
17:41 of 2nd period - Stopped by Henrik Lundqvist with a rebound.
17:43 of 2nd period - Snap shot by Andrei Kostitsyn.
17:43 of 2nd period - Stopped by Henrik Lundqvist with a rebound.
17:45 of 2nd period - Slapshot by Nick Schultz.
17:45 of 2nd period - Stopped by Henrik Lundqvist without a rebound.
17:46 of 2nd period - Brad Richards wins face-off versus Brooks Laich in Rangers zone.
18:23 of 2nd period - Snap shot by Drew Stafford.
18:23 of 2nd period - Shot Misses the Net.
18:25 of 2nd period - Slapshot by Alexandre Burrows.
18:25 of 2nd period - Deflect By Drew Stafford.
18:25 of 2nd period - Stopped by Jean-Sébastien Giguère without a rebound.
18:26 of 2nd period - Brad Richards wins face-off versus Tyler Arnason in Nordiques zone.
18:31 of 2nd period - Wrist shot by Brad Richards.
18:31 of 2nd period - Stopped by Jean-Sébastien Giguère with a rebound.
19:04 of 2nd period - Snap shot by Drew Stafford.
19:04 of 2nd period - Shot Misses the Net.
19:10 of 2nd period - Minor Penalty to Patrik Elias for Hooking.
19:11 of 2nd period - Andrei Kostitsyn wins face-off versus Brad Richards in Nordiques zone.
19:11 of 2nd period - Andrei Kostitsyn is hit by Brad Richards.
19:47 of 2nd period - Snap shot by Brooks Laich.
19:47 of 2nd period - Stopped by Henrik Lundqvist with a rebound.
19:49 of 2nd period - Wrist shot by Brooks Laich.
19:49 of 2nd period - Shot Misses the Net.
Goals for this period are 2 for Rangers vs 0 for Nordiques.
Shots for this period are 10 for Rangers vs 10 for Nordiques.
3rd period
0:01 of 3rd period - Brad Richards wins face-off versus Andrei Kostitsyn in neutral zone.
0:03 of 3rd period - Off-side.
0:04 of 3rd period - Andrei Kostitsyn wins face-off versus Brad Richards in neutral zone.
0:31 of 3rd period - Slapshot by Dustin Brown.
0:31 of 3rd period - Goal by Dustin Brown - Rangers : 5 - Nordiques : 2.
0:32 of 3rd period - Brooks Laich wins face-off versus Brad Richards in neutral zone.
0:47 of 3rd period - Snap shot by Brooks Laich.
0:47 of 3rd period - Shot Misses the Net.
0:49 of 3rd period - Minor Penalty to Brad Richards for Interference.
0:50 of 3rd period - Milan Lucic wins face-off versus Brooks Laich in Rangers zone.
0:57 of 3rd period - Snap shot by Radek Bonk.
0:57 of 3rd period - Stopped by Jean-Sébastien Giguère with a rebound.
1:15 of 3rd period - Peter Prucha is hit by Alexandre Burrows and loses puck.
1:40 of 3rd period - Mark Fistric is hit by Patrik Elias and loses puck.
2:05 of 3rd period - Radek Bonk is hit by Jordan Eberle and loses puck.
2:28 of 3rd period - Tyler Arnason is hit by Cam Barker and loses puck.
2:49 of 3rd period - Penalty to Brad Richards is over, Brad Richards is back on ice.
3:32 of 3rd period - Mark Fistric is hit by Matt Ellison and loses puck.
3:44 of 3rd period - Minor Penalty to Kimmo Timonen for Holding.
3:45 of 3rd period - Brooks Laich wins face-off versus Milan Lucic in Rangers zone.
4:22 of 3rd period - Snap shot by Nick Schultz.
4:22 of 3rd period - Stopped by Henrik Lundqvist with a rebound.
5:44 of 3rd period - Penalty to Kimmo Timonen is over, Kimmo Timonen is back on ice.
5:51 of 3rd period - Icing by Patrice Bergeron.
5:52 of 3rd period - Jonathan Matsumoto wins face-off versus Patrick Sharp in Rangers zone.
6:04 of 3rd period - Icing by Staffan Kronwall.
6:05 of 3rd period - Brooks Laich wins face-off versus Patrick Sharp in Rangers zone.
6:16 of 3rd period - Icing by Andrei Kostitsyn.
6:17 of 3rd period - Brad Richards wins face-off versus Brooks Laich in Nordiques zone.
6:42 of 3rd period - Snap shot by Tyler Arnason.
6:42 of 3rd period - Stopped by Henrik Lundqvist without a rebound.
6:43 of 3rd period - Tyler Arnason wins face-off versus Radek Bonk in Rangers zone.
6:46 of 3rd period - Snap shot by Tyler Arnason.
6:46 of 3rd period - Stopped by Henrik Lundqvist with a rebound.
6:54 of 3rd period - Slapshot by Kimmo Timonen.
6:54 of 3rd period - Shot Misses the Net.
7:41 of 3rd period - Minor Penalty to Chris Pronger for Hooking.
7:42 of 3rd period - Patrice Bergeron wins face-off versus Andrei Kostitsyn in Nordiques zone.
7:56 of 3rd period - Slapshot by Matt Greene.
7:56 of 3rd period - Deflect By Nick Schultz.
7:56 of 3rd period - Stopped by Jean-Sébastien Giguère with a rebound.
7:58 of 3rd period - Snap shot by Patrice Bergeron.
7:58 of 3rd period - Deflect By Dustin Brown.
7:58 of 3rd period - Shot Misses the Net.
7:58 of 3rd period - Puck is out of play.
7:59 of 3rd period - Andrei Kostitsyn wins face-off versus Brad Richards in Nordiques zone.
9:33 of 3rd period - Cam Barker is hit by Matt Smaby and loses puck.
9:41 of 3rd period - Penalty to Chris Pronger is over, Chris Pronger is back on ice.
10:30 of 3rd period - Wrist shot by Ryan Bayda.
10:30 of 3rd period - Goal by Ryan Bayda - Rangers : 5 - Nordiques : 3.
10:31 of 3rd period - Brad Richards wins face-off versus Tyler Arnason in neutral zone.
10:42 of 3rd period - Wrist shot by Brad Richards.
10:42 of 3rd period - Stopped by Jean-Sébastien Giguère without a rebound.
10:43 of 3rd period - Brad Richards wins face-off versus Brooks Laich in Nordiques zone.
10:56 of 3rd period - Slapshot by Peter Prucha.
10:56 of 3rd period - Shot Blocked by Cam Barker.
11:27 of 3rd period - Minor Penalty to Patrik Elias for Diving.
11:28 of 3rd period - Brad Richards wins face-off versus Andrei Kostitsyn in Nordiques zone.
13:27 of 3rd period - Penalty to Patrik Elias is over, Patrik Elias is back on ice.
14:11 of 3rd period - Snap shot by Mattias Weinhandl.
14:11 of 3rd period - Shot Misses the Net.
14:21 of 3rd period - Snap shot by Andrei Kostitsyn.
14:21 of 3rd period - Stopped by Henrik Lundqvist with a rebound.
14:23 of 3rd period - Slapshot by Peter Prucha.
14:23 of 3rd period - Goal by Peter Prucha - Rangers : 5 - Nordiques : 4.
14:24 of 3rd period - Brooks Laich wins face-off versus Patrice Bergeron in neutral zone.
14:27 of 3rd period - Slapshot by Matt Smaby.
14:27 of 3rd period - Deflect By Andrei Kostitsyn.
14:27 of 3rd period - Deflect By Mark Fistric.
14:27 of 3rd period - Shot Blocked by Kimmo Timonen.
14:27 of 3rd period - Puck is out of play.
14:28 of 3rd period - Patrice Bergeron wins face-off versus Brooks Laich in Rangers zone.
14:30 of 3rd period - Minor Penalty to Patrice Bergeron for Roughing.
14:31 of 3rd period - Brooks Laich wins face-off versus Milan Lucic in Rangers zone.
14:31 of 3rd period - Slapshot by Andrei Kostitsyn.
14:31 of 3rd period - Stopped by Henrik Lundqvist with a rebound.
14:33 of 3rd period - Slapshot by Chris Pronger.
14:33 of 3rd period - Stopped by Henrik Lundqvist without a rebound.
14:34 of 3rd period - Brooks Laich wins face-off versus Milan Lucic in Rangers zone.
14:47 of 3rd period - Andrei Kostitsyn is hit by Milan Lucic and loses puck.
15:06 of 3rd period - Slapshot by Peter Prucha.
15:06 of 3rd period - Goal by Peter Prucha - Rangers : 5 - Nordiques : 5.
15:07 of 3rd period - Jonathan Matsumoto wins face-off versus Radek Bonk in neutral zone.
15:07 of 3rd period - Minor Penalty to Mattias Weinhandl for Slashing.
15:08 of 3rd period - Brad Richards wins face-off versus Andrei Kostitsyn in Nordiques zone.
15:11 of 3rd period - Slapshot by Brad Richards.
15:11 of 3rd period - Shot Misses the Net.
16:44 of 3rd period - Icing by Alexei Emelin.
16:45 of 3rd period - Brooks Laich wins face-off versus Patrice Bergeron in Rangers zone.
16:46 of 3rd period - Wrist shot by Peter Prucha.
16:46 of 3rd period - Shot Misses the Net.
16:48 of 3rd period - Slapshot by Peter Prucha.
16:48 of 3rd period - Goal by Peter Prucha - Rangers : 5 - Nordiques : 6.
16:49 of 3rd period - Andrei Kostitsyn wins face-off versus Brad Richards in neutral zone.
17:07 of 3rd period - Penalty to Mattias Weinhandl is over, Mattias Weinhandl is back on ice.
17:54 of 3rd period - Slapshot by Chris Pronger.
17:54 of 3rd period - Stopped by Henrik Lundqvist without a rebound.
17:55 of 3rd period - Brad Richards wins face-off versus Colin Fraser in Rangers zone.
18:06 of 3rd period - Wrist shot by Brad Richards.
18:06 of 3rd period - Stopped by Jean-Sébastien Giguère without a rebound.
18:07 of 3rd period - Radek Bonk wins face-off versus Colin Fraser in Nordiques zone.
19:15 of 3rd period - Minor Penalty to Cam Barker for Holding.
19:16 of 3rd period - Milan Lucic wins face-off versus Brooks Laich in Rangers zone.
19:26 of 3rd period - Slapshot by Chris Pronger.
19:26 of 3rd period - Stopped by Henrik Lundqvist with a rebound.
19:28 of 3rd period - Slapshot by Chris Pronger.
19:28 of 3rd period - Goal by Chris Pronger - Rangers : 5 - Nordiques : 7.
19:29 of 3rd period - Radek Bonk wins face-off versus Jonathan Matsumoto in neutral zone.
Goals for this period are 1 for Rangers vs 5 for Nordiques.
Shots for this period are 5 for Rangers vs 13 for Nordiques.
Output by the SimonT Hockey Simulator (STHS) for François Prévost -- Original Page W3C XHTML 1.0 Valid